 Dungeon Crawl Stone Soup version 0.31.0-9-g3a7656b989 (webtiles) character file.

Game seed: 13459234800745439043

6871 hadoken the Grappler (level 10, -5/104 HPs)
             Began as a Troll Shapeshifter on Jan 24, 2024.
             Was a High Priest of Uskayaw.
             Slain by an orc warrior
             ... wielding a +0 halberd
              (9 damage)
             ... on level 10 of the Dungeon.
             The game lasted 00:19:15 (8983 turns).

hadoken the Grappler (Troll Shapeshifter)           Turns: 8983, Time: 00:19:16

Health: -5/104     AC:  7    Str: 28    XL:     10   Next: 78%
Magic:  14/14      EV:  9    Int:  6    God:    Uskayaw [*****.]
Gold:   376        SH:  0    Dex:  9    Spells: 9/9 levels left

rFire   . .          .
                       - Unarmed
rCold   . . .        (no shield)
rNeg    . . .        D - +0 steam dragon scales
rPois   .            (helmet currently unavailable)
rElec   .            (cloak currently unavailable)
rCorr   .            (gloves unavailable)
SInv    .            (boots unavailable)
Will    .....        (no amulet)
Stlth   +            (no ring)
HPRegen 1.17/turn    (no ring)
MPRegen 0.14/turn

%: no passive effects
@: about to teleport, beast-form
A: beast (slay +4), large, unfitting armour, claws 3, regeneration 1, shaggy fur
1, tough skin 1
a: Begin Untransformation, Renounce Religion, Stomp, Line Pass, Grand Finale


You were on level 10 of the Dungeon.
You worshipped Uskayaw.
Uskayaw was noncommittal.
You were a hulking beast.
You visited 2 branches of the dungeon, and saw 11 of its levels.
You also visited: Bailey.

You collected 415 gold pieces.
You spent 39 gold pieces at shops.

Inventory:

Armour
 a - a +1 animal skin
 D - +0 steam dragon scales (worn)
Jewellery
 k - a ring of ice
 s - a ring of ice
 F - a ring of resist corrosion
Talismans
 c - a beast talisman (active)
 d - a flux talisman
Wands
 u - a wand of flame (9)
Scrolls
 e - 3 scrolls of enchant armour
 f - a scroll of revelation {unknown}
 g - a scroll of brand weapon {unknown}
 h - 3 scrolls of noise
 i - 2 scrolls of fog
 j - 2 scrolls of teleportation
 n - a scroll of poison
 o - 2 scrolls of silence {unknown}
 p - a scroll of vulnerability {unknown}
 w - 2 scrolls of immolation {unknown}
 x - a scroll of torment {unknown}
 y - a scroll of butterflies {unknown}
 C - 3 scrolls of identify
Potions
 b - a potion of lignification
 l - a potion of cancellation
 m - a potion of haste
 q - a potion of magic
 t - 2 potions of curing {unknown}
 z - a potion of brilliance
 A - a potion of berserk rage {unknown}
 E - 2 potions of attraction {unknown}
 G - a potion of might {unknown}


   Skills:
 * Level 7.8 Fighting
 - Level 1.5 Dodging
 + Level 9.5 Unarmed Combat
 * Level 7.0 Invocations
 - Level 7.2 Shapeshifting


You had 9 spell levels left.
You didn't know any spells.
Your spell library contained the following spells:

 Spells                   Type           Power      Damage    Failure   Level
 Slow                     Hex            0%         N/A       45%         1
 Ensorcelled Hibernation  Hex/Ice        0%         N/A       58%         2
 Confusing Touch          Hex            0%         N/A       83%         3
 Gell's Gravitas          Tloc           0%         N/A       83%         3
 Passwall                 Erth           0%         N/A       83%         3
 Sigil of Binding         Hex            0%         N/A       83%         3
 Swiftness                Air            0%         N/A       83%         3
 Teleport Other           Tloc           0%         N/A       83%         3
 Vampiric Draining        Necr           0%         2d6       83%         3
 Passage of Golubria      Tloc           0%         N/A       99%         4
 Silence                  Hex/Air        0%         N/A       100%        5
 Dispersal                Tloc           0%         N/A       100%        6
 Lehudib's Crystal Spear  Conj/Erth      0%         10d2      100%        8


Dungeon Overview and Level Annotations

Branches:
Dungeon (10/15)            Temple (1/1) D:5             Orc (0/2) D:10
 Bailey (visited)
   Lair: D:8-11

Altars:
Ashenzari
Cheibriados
Dithmenos
Elyvilon
Fedhas
Gozag
Hepliaklqana
Kikubaaqudgha
Makhleb
Nemelex Xobeh
Okawaru
Qazlal
Ru
Sif Muna
Trog
Uskayaw
Vehumet
Wu Jian
Xom
Yredelemnul
Zin
The Shining One
Jiyva

Shops:
D:2 ?

Annotations:
D:7 exclusion: ice statue
D:8 4 transporters, NitroKuite's ghost, novice MiFi
D:9 3 runed translucent doors, Skimidon's ghost, journeyman VSFi


Innate Abilities, Weirdness & Mutations

You are a hulking beast.
Your limbs bulge with bestial killing power. (Slay +4)
You are too large for most types of armour.
You have claws for hands.
Your natural rate of healing is unusually fast.
You are covered in fur. (AC +1)
You have tough skin. (AC +1)


Message History

The orc is no longer paralysed.
The ogre is no longer paralysed.
The orc is no longer paralysed.
The troll is no longer paralysed.
The orc is no longer paralysed.
The gnoll is no longer paralysed.
Uskayaw will force your foes to share their pain.
Uskayaw links your audience in an emotional bond!
You mangle the kobold brigand!!
You kill the kobold brigand!
The orc warrior hits you from afar with a +0 halberd!
The orc warrior hits you but does no damage.
You claw the ogre!
The ogre is moderately wounded.
The ogre hits you but does no damage.
The orc curses loudly.
The orc warrior hits you from afar with a +0 halberd!!
You can now merge with and destroy a victim.
You are too injured to fight recklessly!
You are too injured to fight recklessly!
You are too injured to fight recklessly!
You scratch the ogre.
You kill the orc!
The ogre is heavily wounded.
The ogre is no longer sharing its pain.
The orc is no longer sharing its pain.
The orc warrior hits you from afar with a +0 halberd!
* * * LOW HITPOINT WARNING * * *
As you read the scroll of teleportation, it crumbles to dust.
You feel strangely unstable.
The gnoll sergeant is no longer sharing its pain.
The orc is no longer sharing its pain.
The gnoll is no longer sharing its pain.
The gnoll sergeant is no longer sharing its pain.
The ogre closely misses you. The orc warrior closely misses you.
You scratch the ogre.
The ogre is severely wounded.
The gnoll is no longer sharing its pain.
The orc warrior is no longer sharing its pain.
The ogre is no longer sharing its pain.
The orc is no longer sharing its pain.
The ogre hits you with a +0 giant spiked club!!
* * * LOW HITPOINT WARNING * * *
The orc warrior hits you from afar with a +0 halberd!
You die...

######### #############
........# #...........##
........###...........'.
..........#...........#
........#.#........<..#
#######.#.#...........#
#8..O #.#.#...........#
#..ogo#.#.#...........#
#..ggTOh#.'...........#
#.$goo#.###...........#
#8..o #.# #####.#######
#### #.# ##..####### #.#
#.......... ..#
#.......... .##
#.......... .
#.......... +..........


You could see a troll (pain bonded), an orc warrior, 2 ogres, 2 gnoll sergeants,
2 gnolls and 4 orcs.

Vanquished Creatures
  An unseen horror (D:8)
  3 hornets
  Grinder (D:4)
  2 shadows
  A wraith (D:9)
  A vampire (D:10)
  11 yaks (D:9)
  A wyvern (D:10)
  Eustachio (D:4)
  A steam dragon (D:9)
  An acid dragon (D:9)
  2 orc warriors
  A sky beast (D:7)
  A black bear (D:5)
  2 ogres (D:10)
  5 centaurs
  4 kobold brigands
  3 bullfrogs
  2 scorpions
  5 wights (D:8)
  An electric eel (D:9)
  3 howler monkeys (D:8)
  A crimson imp (D:3)
  2 bombardier beetles (D:5)
  2 hounds
  2 jellies (D:4)
  3 orc priests
  A sleepcap (Temple)
  Jessica (D:2)
  10 iguanas
  7 orc wizards
  Terence (D:2)
  9 gnolls
  10 adders
  2 shadow imps (D:6)
  3 white imps
  2 ufetubi (D:5)
  3 dart slugs
  28 orcs
  6 ball pythons
  2 bats
  8 endoplasms
  4 giant cockroaches
  13 goblins
  9 hobgoblins
  13 jackals
  30 kobolds
  4 quokkas
  5 frilled lizards
  4 rats
238 creatures vanquished.

Notes
Turn   | Place    | Note
-------+----------+-------------------------------------------
     0 | D:1      | hadoken the Troll Shapeshifter began the quest for the Orb.
     0 | D:1      | Reached XP level 1. HP: 18/18 MP: 0/0
    45 | D:1      | Reached skill level 1 in Fighting
   100 | D:1      | Reached XP level 2. HP: 22/27 MP: 1/1
   272 | D:1      | Found a faded altar of an unknown god.
   587 | D:2      | Reached XP level 3. HP: 31/33 MP: 2/2
   730 | D:2      | Reached skill level 4 in Unarmed Combat
   792 | D:2      | Reached XP level 4. HP: 41/41 MP: 3/3
   814 | D:2      | Found Zumpoedd's Magic Scroll Shoppe.
   819 | D:2      | Bought a scroll of teleportation for 39 gold pieces
   894 | D:2      | Noticed Terence
   901 | D:2      | Killed Terence
   998 | D:2      | Noticed Jessica
  1009 | D:2      | Killed Jessica
  1010 | D:2      | Reached XP level 5. HP: 49/49 MP: 4/4
  1748 | D:3      | Found a burning altar of Makhleb.
  1748 | D:3      | Found a shimmering altar of Xom.
  1757 | D:3      | Reached skill level 5 in Unarmed Combat
  2239 | D:4      | Reached XP level 6. HP: 38/59 MP: 5/5
  2283 | D:4      | Noticed Grinder
  2296 | D:4      | Killed Grinder
  2397 | D:4      | Reached skill level 6 in Unarmed Combat
  2397 | D:4      | Reached XP level 7. HP: 60/67 MP: 6/6
  2447 | D:4      | Noticed Eustachio
  2452 | D:4      | Killed Eustachio
  3416 | D:5      | Entered Level 5 of the Dungeon
  3501 | D:5      | Found a staircase to the Ecumenical Temple.
  3514 | Temple   | Entered the Ecumenical Temple
  3723 | Temple   | Became a worshipper of Uskayaw the Reveller
  3746 | D:5      | Reached skill level 7 in Unarmed Combat
  3771 | D:5      | Reached * piety under Uskayaw
  3773 | D:5      | Reached skill level 5 in Shapeshifting
  3773 | D:5      | Reached ** piety under Uskayaw
  3919 | D:5      | Found a shadowy altar of Dithmenos.
  3923 | D:5      | Found a hazy altar of Hepliaklqana.
  3925 | D:5      | Found an iron altar of Okawaru.
  4025 | D:5      | Reached XP level 8. HP: 78/78 MP: 7/7
  4202 | D:5      | Found a white marble altar of Elyvilon.
  4682 | D:6      | Reached skill level 1 in Invocations
  4791 | D:6      | Reached *** piety under Uskayaw
  4797 | D:6      | Reached **** piety under Uskayaw
  5283 | D:7      | Found a flagged portal.
  5294 | Bailey   | Entered a bailey
  5315 | Bailey   | Noticed an orc warlord
  5328 | Bailey   | Reached ***** piety under Uskayaw
  5364 | Bailey   | Noticed an orc knight
  5487 | D:7      | Noticed an ice statue
  5537 | D:7      | Noticed a hornet
  5539 | D:7      | Paralysed by a hornet for 1 turns
  5545 | D:7      | Killed a hornet
  5552 | D:7      | Reached skill level 8 in Unarmed Combat
  5554 | D:7      | Reached XP level 9. HP: 36/87 MP: 5/10
  5641 | D:7      | Reached skill level 5 in Fighting
  5740 | D:7      | Found a snail-covered altar of Cheibriados.
  6323 | D:8      | Found a transporter.
  6434 | D:8      | HP: 1/88 [orc warrior/+0 trident (5)]
  6669 | D:8      | Found a transporter.
  6815 | D:8      | Noticed a catoblepas
  6817 | D:8      | Found a transporter.
  6819 | D:8      | Noticed a moth of wrath
  6819 | D:8      | Noticed NitroKuite's ghost (novice MiFi)
  6837 | D:8      | Found a transporter.
  7297 | D:8      | Killed an unseen horror
  7927 | D:9      | Reached skill level 5 in Invocations
  7927 | D:9      | Reached XP level 10. HP: 76/100 MP: 12/12
  8179 | D:9      | Reached skill level 9 in Unarmed Combat
  8283 | D:9      | Found an ancient bone altar of Kikubaaqudgha.
  8285 | D:9      | Found a runed translucent gate.
  8285 | D:9      | Found a runed translucent gate.
  8285 | D:9      | Found a runed translucent gate.
  8507 | D:9      | Noticed Skimidon's ghost (journeyman VSFi)
  8510 | D:9      | Found a viscous altar of Jiyva.
  8621 | D:10     | Entered Level 10 of the Dungeon
  8965 | D:10     | Found a staircase to the Orcish Mines.
  8983 | D:10     | HP: 4/104 [ogre/+0 giant spiked club (25)]
  8983 | D:10     | Slain by an orc warrior

Illustrated notes

Levels and vault maps discovered:
D:1:      dpeg_arrival_orchard, layout_basic,
          shapermc_ecumenical_altar_acropolis
D:2:      wad_river_or_something, layout_basic, serial_shops, shop_statue,
          kennysheep_generic_room_16, uniq_jessica, uniq_terence
D:3:      layout_basic, grunt_temple_overflow_champion_of_chaos,
          chequers_big_river
D:4:      layout_basic, kennysheep_pointless_box, minmay_close_crescents,
          uniq_eustachio, uniq_grinder
D:5:      layout_cave_pods, mainiacjoe_overflow_chevrons,
          grunt_temple_overflow_open, minmay_temple_entry_steel_oval
D:6:      layout_rooms
D:7:      lemuel_ice_statue, layout_basic, lemuel_tele_altar, enter_bailey_5
D:8:      gammafunk_cloud_chamber, layout_gridville,
          gammafunk_ghost_berserking_beasts
D:9:      layout_cave_pods, kiku_gazebo_garden_becter, gammafunk_ghost_ooze,
          nrook_pool_corridor
D:10:     layout_roguey, kennysheep_orc_monster_closet_entryway,
          minmay_crystal_water, uniq_psyche
Temple:   eino_temple_water

Skill      XL: |  1  2  3  4  5  6  7  8  9 10 |
---------------+-------------------------------+-----
Fighting       | 1 2 3 4 6 7 |  7.8
Unarmed Combat | 4 5 6 7 8 9 |  9.5
Shapeshifting  | 4 5 6 7 |  7.2
Invocations    | 2 5 7 |  7.0
Dodging        | |  1.5

Action                     |  1- 3 |  4- 6 |  7- 9 | 10-12 || total
---------------------------+-------+-------+-------+-------++-------
  Melee: Unarmed           |    66 |    92 |   291 |   127 ||   576
         Punch             |     3 |     3 |    13 |     8 ||    27
  Throw: Large rock        |       |     4 |     8 |     1 ||    13
         Javelin           |       |     3 |     3 |       ||     6
 Invoke: Line Pass         |       |       |     1 |       ||     1
         Stomp             |       |       |     2 |       ||     2
Ability: Begin Untransform |     1 |       |       |       ||     1
    Use: Scroll            |       |     3 |    13 |     2 ||    18
         Potion            |       |       |     1 |     3 ||     4
   Stab: Sleeping          |     1 |       |       |       ||     1
         Confused          |       |       |     1 |       ||     1
         Paralysed         |       |       |    12 |     8 ||    20
 Armour: Animal skin       |    44 |    62 |   234 |       ||   340
         Steam dragon scal |       |       |    22 |   134 ||   156
  Dodge: Dodged            |    19 |    34 |   151 |    48 ||   252
   Form: Beast             |     2 |       |       |       ||     2
